 Dungeon Crawl Stone Soup version 0.28.0-47-ge53b351184 (webtiles) character file.

Game seed: 2385967430731038455

1896561 benitares the Invulnerable (level 27, 296/296 HPs)
             Began as a Deep Dwarf Berserker on Apr 24, 2022.
             Was the Champion of Trog.
             Escaped with the Orb
             ... and 3 runes on Apr 25, 2022!
             The game lasted 03:35:05 (58698 turns).

benitares the Invulnerable (Deep Dwarf Berserker)  Turns: 58698, Time: 03:35:06

Health: 296/296    AC: 59    Str: 38    XL:     27
Magic:  20/20      EV: 23    Int: 26    God:    Trog [******]
Gold:   4149       SH:  0    Dex: 17    Spells: 26/26 levels left

rFire   + + +      SeeInvis +   K - +8 executioner's axe of Zepromief {vamp, *Noise rF++ Int+4}
rCold   + . .      Faith    .   (shield currently unavailable)
rNeg    + . .      Spirit   .   S - +16 plate armour "Jug Yly" {Int+2 Dex+3}
rPois   +          Reflect  .   G - +2 hat of Ofurycwe {rPois Int+4}
rElec   +          Harm     .   T - +2 cloak
rCorr   +          Rampage  +   N - +3 pair of gauntlets of War {Slay+5}
Will    ++++.      Clarity  +   q - +2 pair of boots {rampage}
Stlth   ..........              U - necklace of Bloodlust {*Rage Will++ Int-3 Slay+6}
HPRegen 1.00/turn               D - ring of Titotocw {rElec EV+4 Int+3 Dex+2 SInv}
MPRegen 0.17/turn               C - ring "Karheb" {rPois rCorr AC+4 Int+5}

@: mighty, silenced, resistant, weak-willed, strong-willed, flying,
regenerating, hasted, studying 2 skills, invisible, very quick
A: damage resistance, heal wounds, negative energy resistance 1, sense
surroundings 3, no regeneration, clarity, clever 1, deterioration 1, shaggy fur
2, strong 2, no potion heal 1
0: Orb of Zot
}: 3/15 runes: barnacled, slimy, gossamer
a: Heal Wounds, Renounce Religion


You escaped.
You worshipped Trog.
Trog was exalted by your worship.
You visited 12 branches of the dungeon, and saw 54 of its levels.
You visited the Abyss 2 times.
You visited 2 bazaars.
You visited 1 ziggurat, and saw 15 of its levels.
You also visited: Trove, Bailey, Gauntlet, Ice Cave, Volcano and Wizlab.

You collected 9700 gold pieces.
You spent 5551 gold pieces at shops.

Inventory:

Hand Weapons
 A - a +2 battleaxe of flaming
 K - the +8 executioner's axe of Zepromief (weapon) {vamp, *Noise rF++ Int+4}
   (You found it on level 13 of a ziggurat)

   It occasionally heals its wielder for a portion of the damage dealt when it
   wounds a living foe.
   Int:       It affects your intelligence (+4).
   rF:        It greatly protects you from fire.
   *Noise:    It may make noises in combat.
 R - a +9 vampiric battleaxe
Missiles
 a - 15 throwing nets
 b - 36 javelins (quivered)
 J - 16 silver javelins
Armour
 h - +8 gold dragon scales
 l - a scarf of repulsion
 q - a +2 pair of boots of rampaging (worn)
 G - the +2 hat of Ofurycwe (worn) {rPois Int+4}
   (You found it in a Gauntlet)

   Int:       It affects your intelligence (+4).
   rPois:     It protects you from poison.
 N - the +3 pair of gauntlets of War (worn) {Slay+5}
   (You found it on level 5 of the Lair of Beasts)

   Slay:      It affects your accuracy & damage with ranged weapons and melee
   (+5).
 S - the +16 plate armour "Jug Yly" (worn) {Int+2 Dex+3}
   (You bought it in a shop in a bazaar)

   Int:       It affects your intelligence (+2).
   Dex:       It affects your dexterity (+3).
 T - a +2 cloak (worn)
Jewellery
 c - a ring of protection from fire
 v - the ring "Coizeffer" {rC+ Int+6}
   (You found it on level 2 of the Lair of Beasts)

   [ring of intelligence]

   Int:       It affects your intelligence (+6).
   rC:        It protects you from cold.
 C - the ring "Karheb" (right hand) {rPois rCorr AC+4 Int+5}
   (You found it on level 9 of a ziggurat)

   [ring of protection]

   AC:        It affects your AC (+4).
   Int:       It affects your intelligence (+5).
   rPois:     It protects you from poison.
   rCorr:     It protects you from acid and corrosion.
 D - the ring of Titotocw (left hand) {rElec EV+4 Int+3 Dex+2 SInv}
   (You found it on level 13 of a ziggurat)

   [ring of evasion]

   EV:        It affects your evasion (+4).
   Int:       It affects your intelligence (+3).
   Dex:       It affects your dexterity (+2).
   rElec:     It insulates you from electricity.
   SInv:      It lets you see invisible.
 I - the ring "Ziogg" {rF+ rCorr SInv}
   (You took it off a minotaur in a Gauntlet)

   [ring of resist corrosion]

   rF:        It protects you from fire.
   SInv:      It lets you see invisible.
   rCorr:     It protects you from acid and corrosion.
 U - the necklace of Bloodlust (around neck) {*Rage Will++ Int-3 Slay+6}
   (You bought it in a shop on level 2 of the Orcish Mines)

   [amulet of nothing]

   It extends the wearer's berserk rage when killing foes.
   Int:       It affects your intelligence (-3).
   Slay:      It affects your accuracy & damage with ranged weapons and melee
   (+6).
   *Rage:     It berserks you when you make melee attacks (+50% chance).
   Will:      It greatly increases your willpower.
Wands
 n - a wand of paralysis (13)
 o - a wand of flame (32)
 s - a wand of polymorph (27)
 u - a wand of digging (16)
 M - a wand of charming (6)
 V - a wand of iceblast (47)
Scrolls
 d - 7 scrolls of vulnerability
 g - 9 scrolls of fear
 k - 27 scrolls of teleportation
 r - 4 scrolls of silence
 t - 12 scrolls of enchant weapon
 y - 8 scrolls of fog
 B - a scroll of holy word
 H - 4 scrolls of blinking
 L - 3 scrolls of magic mapping
 X - a scroll of acquirement
 Z - 3 scrolls of torment
Potions
 e - 23 potions of curing
 f - 8 potions of cancellation
 j - 2 potions of resistance
 m - 8 potions of magic
 p - 4 potions of invisibility
 w - 5 potions of mutation
 x - 11 potions of heal wounds
 E - 9 potions of ambrosia
 F - 5 potions of flight
 P - 11 potions of haste
 W - 6 potions of might
Miscellaneous
 O - a box of beasts
 Q - a phantom mirror
 Y - a condenser vane


   Skills:
 + Level 26.8 Fighting
 + Level 26.2 Axes
 - Level 13.7 Throwing
 O Level 27 Armour
 + Level 17.2 Dodging
 + Level 18.8 Evocations


You had 26 spell levels left.
You didn't know any spells.
Your spell library was empty.

Dungeon Overview and Level Annotations

Branches:
Dungeon (15/15)            Temple (0/1) D:5            Lair (6/6) D:8
 Shoals (4/4) Lair:2       Spider (4/4) Lair:4        Slime (5/5) Lair:5
    Orc (2/2) D:9             Elf (3/3) Orc:2        Vaults (4/5) D:14
  Crypt (1/3) Vaults:2     Depths (4/4) D:15           Hell (visited)
    Zot (5/5) Depths:4     Bailey (visited)           IceCv (visited)
Volcano (visited)          WizLab (visited)         Gauntlet (visited)
    Dis: Hell:1         Geh: Hell:1         Coc: Hell:1         Tar: Hell:1

Altars:
Cheibriados
Dithmenos
Elyvilon
Fedhas
Gozag
Qazlal
Xom
Yredelemnul
Zin
Jiyva

Shops:
D:5 [*(!   D:9 =   D:14 [   Orc:2 =:[(   Elf:1 ?   Elf:2 =   Shoals:2 !*
Depths:3 !**!

Portals:
Hell: Depths:1 Depths:2 Depths:3 Depths:4
Abyss: Depths:3
Pandemonium: Depths:2

Annotations:
D:7 3 runed translucent doors, McKennaii's ghost, journeyman DsFi
Lair:2 exclusion: 3 oklob plants
Elf:2 5 runed translucent doors
Depths:3 1 exclusion
Zot:2 2 transporters, exclusion: orange crystal statue, Emnejil's ghost, master VSBe; wilo's ghost, master MfBe


Innate Abilities, Weirdness & Mutations

You are resistant to damage.
You can heal yourself by infusing magical energy.
You resist negative energy. (rN+)
You passively map a large area around you.
You do not regenerate.
You possess an exceptional clarity of mind.
Your mind is acute. (Int +2)
Your body sometimes deteriorates upon taking damage.
You are covered in thick fur. (AC +2)
Your muscles are very strong. (Str +4)
Potions are less effective at restoring your health.


Message History

You finish putting on your +8 gold dragon scales.
You start removing your armour.
You continue taking off your +8 gold dragon scales. x4
You finish taking off your +8 gold dragon scales.
You start putting on your armour.
You continue putting on the +16 plate armour "Jug Yly" {Int+2 Dex+3}. x5
You finish putting on the +16 plate armour "Jug Yly" {Int+2 Dex+3}.
You feel clever.
You feel agile.
Your skin crawls.
You feel strong-willed.
Your cyclops goes berserk!
You feel very buoyant.
You fly up into the air.
You feel yourself speed up.
You feel very mighty all of a sudden.
You feel protected.
You fade into invisibility!
Your cyclops rages.
Okay, then.
As you read the scroll of summoning, it crumbles to dust.
Wisps of shadow whirl around you...
Really read the scroll of vulnerability?
You can't even see any enemies this would affect.
As you read the scroll of vulnerability, it crumbles to dust.
Magic quickly surges around you.
You can't see any enemies this would affect, really read the scroll of silence?
As you read the scroll of silence, it crumbles to dust.
A profound silence engulfs you.
Okay, then.
Magic scrolls do not work when you're silenced!
Magic scrolls do not work when you're silenced!
Magic scrolls do not work when you're silenced!
Magic scrolls do not work when you're silenced!
Magic scrolls do not work when you're silenced!
Magic scrolls do not work when you're silenced!
Magic scrolls do not work when you're silenced!
Magic scrolls do not work when you're silenced!
Magic scrolls do not work when you're silenced!
You can't go down here!
Unknown command.
You have escaped!

..........+.......# #....
###.......#.#####.# #...)
#.......#.....#.# #....
#.......#.###.#.# #....
##.......#####.#.###########....
#........>.........(............
#........##..≈≈≈≈≈≈≈≈≈≈≈≈≈≈≈....
#........##..≈####≈≈≈≈≈####≈##.#
#.#########..≈#@C#######.⌠#≈##.#
#.# #..≈#br'.....'..#≈##.. #.#
#..≈##'###'###+##≈##.. #.#
#..≈≈#.#.....#.#≈≈##.. #.#
#..≈≈#.#..#..#.#≈≈##.. #.#
######..≈≈#.#..#..#.#≈≈##..
#.####.........'.'.8#8.'.'...#..
#............≈≈#.#..#..#.#≈≈....
######.......≈≈#[#..#..#.#≈≈##..


You could see a friendly cyclops (summoned, berserk, weak-willed), a friendly
bat (summoned, weak-willed) and a friendly rat (summoned, weak-willed).

Vanquished Creatures
  the Royal Jelly (Slime:5)
  4 orbs of fire
  2 dread liches (Zot:5)
  An ancient lich (Zot:5)
  4 royal mummies
  Margery (Vaults:3)
  4 Killer Klowns (Zot:5)
  2 caustic shrikes (Zig:12)
  Frederick (Depths:3)
  2 curse toes
  Jory (Vaults:3)
  Geryon (Hell)
  10 golden dragons
  Xtahua (Depths:4)
  2 bone dragons
  the Enchantress (Depths:2)
  A profane servitor (Zot:3)
  2 electric golems (Zot:5)
  5 pearl dragons
  An iron giant (Zig:12)
  Jorgrun (D:12)
  9 tentacled monstrosities
  26 Orb Guardians
  Asterion (Vaults:2)
  A walking earthen tome (Depths:2)
  5 liches
  A walking crystal tome (Depths:4)
  Rupert (D:13)
  Mlioglotl (Shoals:3)
  2 deep elf master archers (Elf:3)
  4 quicksilver dragons
  3 titans
  3 Hell Sentinels (Zig:12)
  2 deep elf blademasters (Elf:3)
  23 acid blobs
  12 death cobs
  An Executioner (Depths:4)
  5 sphinxes
  Gastronok (Lair:2)
  A kraken (Shoals:1)
  4 tentacled starspawn
  3 ancient champions
  15 storm dragons
  Kirke (Shoals:3)
  5 shadow dragons
  6 draconian monks
  A revenant (Zig:2)
  3 nagarajas
  Roxanne (Elf:2)
  3 tengu reavers
  6 fire giants
  18 rockslimes
  2 orc warlords
  6 daevas
  7 vault wardens
  22 azure jellies
  A balrug (Depths:4)
  8 frost giants
  15 draconian knights
  2 iron dragons
  11 deep elf sorcerers
  6 emperor scorpions
  A caustic shrike zombie (Zig:8)
  10 draconian stormcallers
  7 draconian scorchers
  12 ghost moths
  6 draconian shifters
  Louise (Depths:3)
  2 cacodemons
  6 angels
  3 reapers (Hell)
  4 quicksilver elementals (Zig:12)
  14 quicksilver oozes
  A demonspawn blood saint (Zot:4)
  3 deep elf elementalists (Elf:3)
  7 spriggan defenders
  3 war gargoyles
  9 ironbound preservers
  5 draconian annihilators
  6 vampire knights
  5 demonspawn corrupters (WizLab)
  7 ironbound thunderhulks
  2 broodmothers
  3 juggernaut skeletons
  13 very ugly things
  14 green draconians
  A caustic shrike skeleton (Depths:2)
  11 stone giants
  5 deep elf demonologists
  3 apis
  A minotaur (Gauntlet)
  4 ophanim (Zig:14)
  5 black draconians
  4 entropy weavers
  5 dire elephants
  10 white draconians
  6 yellow draconians
  6 deep elf annihilators (Elf:3)
  4 spark wasps
  10 purple draconians
  An eidolon (Vaults:2)
  2 crystal guardians
  12 red draconians
  13 merfolk impalers
  12 ettins
  2 blizzard demons
  An iron golem (Zig:12)
  3 mummy priests
  8 merfolk javelineers
  8 deep elf death magi
  5 fire dragons
  10 deep elf high priests
  15 great orbs of eyes
  8 yaktaur captains
  Harold (Lair:2)
  5 rakshasas
  6 ice dragons
  14 boulder beetles
  3 catoblepae
  2 peacekeepers
  A caustic shrike simulacrum (Vaults:2)
  A jorogumo (shapeshifter) (Depths:2)
  3 ghost crabs (Vaults:2)
  3 ogre magi
  9 salamander tyrants (Zig:13)
  5 vault guards (Vaults:4)
  A death knight (Vaults:2)
  A centaur warrior (D:15)
  A jorogumo (Zig:7)
  12 hydras
  4 spriggan air magi
  3 anacondas (Zig:13)
  7 death yaks
  10 two-headed ogres
  3 merfolk avatars (Shoals:4)
  13 dancing weapons
  3 radroaches
  2 satyrs (Shoals:4)
  2 alligator snapping turtles
  8 merfolk aquamancers
  A spriggan skeleton (Vaults:2)
  5 ironbound frosthearts
  A death scarab (Zig:8)
  2 vampire magi
  2 hell hogs (Depths:4)
  A two-headed ogre (shapeshifter) (Depths:4)
  9 deep troll shamans
  8 deep troll earth magi
  5 orc high priests (Orc:2)
  2 tengu warriors
  4 spriggan berserkers
  Urug (Lair:2)
  3 thrashing horrors
  2 shock serpents (Zig:13)
  A crystal echidna (Zig:12)
  A storm dragon zombie (Vaults:3)
  Sonja (D:12)
  9 deep elf knights
  14 hell knights
  12 iron trolls
  9 soul eaters
  6 sun demons
  A sixfirhy (D:6)
  10 skeletal warriors
  3 wretched stars (Abyss:5)
  7 cherubim
  3 shadow wraiths (Depths:4)
  A sun moth (Zig:11)
  A death drake (Zig:6)
  A spriggan druid (WizLab)
  11 pharaoh ants
  A deep troll (shapeshifter) (Depths:2)
  12 steelbarb worms
  5 sea snakes
  48 deep trolls
  4 glowing orange brains
  7 deep elf archers
  A golden dragon zombie (Zig:8)
  A death drake (shapeshifter) (Depths:2)
  A spatial maelstrom (Abyss:5)
  2 quicksilver dragon simulacra (Depths:4)
  9 orb spiders
  3 flayed ghosts
  7 wizards
  3 orange crystal statues
  A naga ritualist (Zig:13)
  20 deep elf pyromancers
  10 ironbound convokers
  3 orc sorcerers
  9 orc knights
  13 harpies
  13 necromancers
  6 lindwurms
  12 deep elf zephyrmancers
  2 oklob plants
  A shadow dragon zombie (Depths:2)
  14 wolf spiders
  15 manticores
  2 fauns (Shoals:4)
  A salamander (Depths:3)
  6 shining eyes
  6 cyclopes
  A human zombie (Vaults:3)
  28 ugly things
  A will-o-the-wisp (Zig:3)
  2 toenail golems
  2 fire giant skeletons
  5 worldbinders (WizLab)
  An iron dragon skeleton (Zig:8)
  26 moths of wrath
  5 merfolk sirens
  2 centaur zombies
  A frost giant skeleton (Crypt:1)
  12 water nymphs
  A titan simulacrum (Vaults:2)
  A guardian serpent (WizLab)
  A molten gargoyle (Volcano)
  3 ice statues
  8 smoke demons
  8 black mambas
  3 eyes of devastation
  2 rust devils (Hell)
  2 gargoyles
  5 naga magi
  2 apocalypse crabs
  8 vault sentinels
  13 torpor snails
  13 cane toads
  A hellion (Hell)
  2 orange demons (D:6)
  An unseen horror (Abyss:5)
  21 yaktaurs
  6 rime drakes
  A tormentor (Zig:12)
  2 rime drakes (shapeshifter)
  18 demonic crawlers
  A naga skeleton (Abyss:5)
  3 freezing wraiths
  4 efreet
  4 tengu conjurers
  2 ice devils
  A yaktaur (shapeshifter) (D:9)
  3 kobold demonologists (D:12)
  3 entropy weaver simulacra (IceCv)
  2 very ugly thing simulacra (IceCv)
  4 guardian mummies (Zig:8)
  3 ancient zymes
  10 komodo dragons
  34 merfolk
  A tengu simulacrum (Vaults:3)
  10 meliai
  A tyrant leech (Abyss:5)
  12 wind drakes
  10 hornets
  10 trolls
  3 polar bears
  11 dream sheep
  38 blink frogs
  A merfolk (shapeshifter) (Vaults:2)
  6 raiju (Abyss:5)
  95 slime creatures
  19 tarantellas
  7 snapping turtles
  21 jumping spiders
  3 shadows
  10 starcursed masses
  15 spriggans
  8 air elementals
  14 culicivoras
  45 water elementals
  5 fire elementals
  A human (D:13)
  2 ushabtiu (Zig:8)
  5 wraiths
  3 hogs
  An ettin skeleton (Depths:2)
  33 yaks
  6 basilisks
  6 golden eyes
  A ynoxinul (Abyss:5)
  2 steam dragons (D:7)
  A neqoxec (Abyss:5)
  4 vampire mosquitoes (D:15)
  A chaos spawn (Abyss:5)
  37 redbacks
  3 wargs
  2 harpy simulacra (Vaults:2)
  3 acid dragons
  3 demonic crawler simulacra (IceCv)
  A hell hound (Abyss:5)
  30 water moccasins
  5 floating eyes
  A floating eye (shapeshifter) (Depths:1)
  48 orc warriors
  A swamp drake (Lair:1)
  5 ice beasts
  A fire dragon simulacrum (Vaults:2)
  3 necrophages
  8 black bears
  3 black mamba simulacra (Vaults:2)
  3 ugly thing simulacra (IceCv)
  3 boggarts (Lair:6)
  12 large abominations
  4 ettin simulacra (Depths:4)
  11 ogres
  43 wolves
  20 centaurs
  11 small abominations
  3 kobold brigands
  5 elf zombies (Elf:1)
  9 bullfrogs
  2 glowing shapeshifter simulacra
  A gnoll sergeant (D:9)
  7 earth elementals
  6 scorpions
  A water moccasin zombie (D:5)
  A hornet simulacrum (D:14)
  5 killer bees (D:9)
  An elephant simulacrum (Vaults:2)
  4 howler monkeys
  4 wights (D:9)
  4 electric eels
  A vampire bat (Vaults:2)
  3 lava snakes (Lair:2)
  A crimson imp (D:13)
  3 bullfrog zombies
  An iron imp (Abyss:4)
  4 jellies
  A gnoll shaman (D:4)
  27 orc priests
  3 hounds
  6 iguanas
  19 orc wizards
  A troll simulacrum (Vaults:2)
  9 mummies
  3 howler monkey zombies (D:8)
  Robin (D:2)
  22 gnolls
  24 adders
  A shadow imp (D:7)
  2 white imps (D:6)
  3 ufetubi
  An adder zombie (D:5)
  3 worms (D:2)
  2 dart slugs
  90 orcs
  6 bats
  14 endoplasms
  2 giant cockroaches
  16 goblins
  12 hobgoblins
  8 jackals
  25 kobolds
  7 quokkas
  11 ball pythons
  8 frilled lizards
  5 rats
  5 starspawn tentacles
  4 tentacles (Shoals:1)
2474 creatures vanquished.

Vanquished Creatures (collateral kills)
  An acid blob (Slime:5)
  A rockslime (Slime:5)
2 creatures vanquished.

Vanquished Creatures (others)
  A golden dragon (Zig:6)
  An ice dragon (Abyss:5)
  A spriggan air mage (Depths:3)
  2 deep troll shamans (Depths:4)
  A sun demon (Depths:4)
  A deep troll (Depths:4)
  A steelbarb worm (Zig:11)
  A wizard (Vaults:2)
  3 deep elf zephyrmancers
  A naga mage (Vaults:2)
  An ice devil (Depths:4)
  A human (Shoals:3)
  A howler monkey (D:13)
  2 orcs (Bailey)
  A bat (D:3)
  A bush (Lair:2)
  2 foxfires (Zig:3)
  25 fungi
  56 plants
  8 starspawn tentacles
  3 tentacles (Shoals:1)
114 creatures vanquished.

Grand Total: 2590 creatures vanquished

Notes
Turn   | Place    | Note
-------+----------+-------------------------------------------
     0 | D:1      | benitares the Deep Dwarf Berserker began the quest for the
                  | Orb.
     0 | D:1      | Reached XP level 1. HP: 20/20 MP: 1/1
   152 | D:1      | Reached XP level 2. HP: 25/27 MP: 2/2
   635 | D:1      | Found a faded altar of an unknown god.
   658 | D:1      | Reached ** piety under Trog
   799 | D:2      | Reached XP level 3. HP: 20/33 MP: 3/3
   858 | D:2      | Reached skill level 5 in Axes
   904 | D:2      | Reached XP level 4. HP: 30/40 MP: 4/4
  1021 | D:2      | Noticed Robin
  1032 | D:2      | Killed Robin
  1319 | D:2      | Reached XP level 5. HP: 41/46 MP: 5/5
  1622 | D:3      | Reached *** piety under Trog
  2154 | D:4      | Reached XP level 6. HP: 49/55 MP: 6/6
  2503 | D:5      | Entered Level 5 of the Dungeon
  2573 | D:5      | Reached XP level 7. HP: 45/61 MP: 7/7
  2744 | D:5      | Identified the +5 ring mail of the Original Sin {rElec
                  | rC+++ Str-2 Dex-4}
  2842 | D:5      | Found Wososk's General Store.
  2842 | D:5      | Found Bamm's Distillery.
  2845 | D:5      | Found Kytug's Armour Boutique.
  2846 | D:5      | Found Loroad's Antique Weapon Boutique.
  2883 | D:5      | Bought a glowing war axe for 162 gold pieces
  2908 | D:5      | Found a staircase to the Ecumenical Temple.
  3154 | D:6      | Reached skill level 10 in Axes
  3181 | D:6      | Reached **** piety under Trog
  3318 | D:6      | Reached XP level 8. HP: 43/68 MP: 8/8
  3672 | D:7      | Noticed a six-headed hydra
  3760 | D:7      | Found a flagged portal.
  3769 | Bailey   | Entered a bailey
  3881 | Bailey   | Gained mutation: You passively map the area around you.
                  | [Deep Dwarf growth]
  3881 | Bailey   | Reached XP level 9. HP: 39/74 MP: 9/9
  4193 | Bailey   | Reached skill level 15 in Axes
  4592 | D:7      | Found a runed translucent gate.
  4592 | D:7      | Found a runed translucent gate.
  4592 | D:7      | Found a runed translucent gate.
  4592 | D:7      | Noticed McKennaii's ghost (journeyman DsFi)
  4757 | D:7      | Reached XP level 10. HP: 57/81 MP: 10/10
  4909 | D:8      | Found a shimmering altar of Xom.
  4932 | D:8      | Identified the +1 chain mail of Narcissism {rF- Regen+
                  | rCorr Stlth+}
  5002 | D:8      | Found a staircase to the Lair.
  5685 | D:9      | Found Ehin's One-of-a-Kind Rings.
  5896 | D:9      | Noticed a boulder beetle
  5920 | D:9      | Killed a boulder beetle
  5988 | D:9      | Noticed Joseph
  5990 | D:9      | Noticed Joseph
  5990 | D:9      | Joseph changed into Joseph the shapeshifter
  5991 | D:9      | Noticed Joseph
  5991 | D:9      | Joseph the shapeshifter changed into Joseph the yaktaur
  5997 | D:9      | Killed Joseph the yaktaur
  6098 | D:9      | Found a staircase to the Orcish Mines.
  6168 | D:10     | Entered Level 10 of the Dungeon
  6221 | D:10     | Noticed a two-headed ogre
  6235 | D:10     | Killed a two-headed ogre
  6263 | D:10     | Noticed a two-headed ogre
  6271 | D:10     | Killed a two-headed ogre
  6272 | D:10     | Reached XP level 11. HP: 53/88 MP: 11/11
  6273 | D:10     | Identified the +1 quarterstaff of Discord {vorpal, *Noise
                  | +Blink rCorr}
  6697 | D:11     | Paralysed by a hornet for 1 turns
  6934 | D:11     | Noticed a two-headed ogre
  6944 | D:11     | Killed a two-headed ogre
  7343 | D:11     | Noticed a two-headed ogre
  7365 | D:11     | Killed a two-headed ogre
  7791 | D:12     | Noticed a skeletal warrior
  7791 | D:12     | Noticed a skeletal warrior
  7806 | D:11     | Killed a skeletal warrior
  7867 | D:12     | Killed a skeletal warrior
  7896 | D:12     | Noticed a skeletal warrior
  7910 | D:12     | Killed a skeletal warrior
  7921 | D:12     | Noticed Sonja
  7925 | D:12     | Noticed a five-headed hydra
  8035 | Lair:1   | Entered Level 1 of the Lair of Beasts
  8112 | Lair:1   | Reached XP level 12. HP: 39/96 MP: 11/11
  8232 | Lair:1   | Reached skill level 1 in Throwing
  8279 | Lair:1   | Reached skill level 3 in Armour
  8508 | Lair:1   | Reached skill level 4 in Armour
  8612 | Lair:1   | Noticed an eight-headed hydra
  8721 | Lair:2   | Noticed Gastronok
  8739 | Lair:2   | Killed Gastronok
  8800 | Lair:2   | Identified the ring "Coizeffer" {rC+ Int+6}
  8822 | Lair:2   | Reached skill level 5 in Armour
  8833 | Lair:2   | Noticed Urug
  8843 | Lair:2   | Killed Urug
  8868 | Lair:2   | Reached skill level 5 in Fighting
  9014 | Lair:2   | Noticed Harold
  9024 | Lair:2   | Killed Harold
  9025 | Lair:2   | Reached skill level 6 in Armour
  9186 | Lair:2   | Reached skill level 5 in Throwing
  9322 | Lair:2   | Found a staircase to the Shoals.
  9817 | Lair:2   | Reached XP level 13. HP: 61/111 MP: 12/12
  9847 | Lair:2   | HP: 3/111 [oklob plant/splash of acid (28)]
 10017 | Lair:3   | Reached skill level 7 in Armour
 10855 | Lair:4   | Found a gate leading to a gauntlet.
 10861 | Gauntlet | Entered a Gauntlet
 10861 | Gauntlet | Found a transporter.
 10870 | Gauntlet | Found a transporter.
 10870 | Gauntlet | Found a transporter.
 10881 | Gauntlet | Found a transporter.
 10884 | Gauntlet | Found a transporter.
 10899 | Gauntlet | Found a transporter.
 10910 | Gauntlet | Found a transporter.
 10921 | Gauntlet | Found a transporter.
 10932 | Gauntlet | Found a transporter.
 10947 | Gauntlet | Found a transporter.
 10962 | Gauntlet | Found a transporter.
 10964 | Gauntlet | Found a transporter.
 11004 | Gauntlet | Found a transporter.
 11018 | Gauntlet | Found a transporter.
 11296 | Gauntlet | Identified the amulet of Judifuo {Faith rPois MP+9}
 11298 | Gauntlet | Identified the +2 hat of Ofurycwe {rPois Int+4}
 11384 | Gauntlet | Identified the +7 scimitar "Juelugg" {flame, rC+++ Str+5
                  | Int-4}
 11384 | Gauntlet | Identified the ring "Ziogg" {rF+ rCorr SInv}
 11384 | Gauntlet | Noticed a minotaur
 11393 | Gauntlet | Killed a minotaur
 11394 | Gauntlet | Reached skill level 8 in Armour
 11433 | Gauntlet | Identified the +5 mace of Nuessy {vorpal, *Noise rPois
                  | rN++}
 11603 | Lair:4   | Found a hole to the Spider Nest.
 12326 | Lair:4   | Reached skill level 9 in Armour
 12508 | Lair:5   | Found the +3 pair of gauntlets of War {Slay+5}
 12562 | Lair:5   | Found a staircase to the Slime Pits.
 12677 | Lair:5   | Gained mutation: You resist negative energy. (rN+) [Deep
                  | Dwarf growth]
 12677 | Lair:5   | Reached XP level 14. HP: 66/127 MP: 12/12
 12776 | Lair:5   | Reached skill level 10 in Armour
 13142 | Lair:6   | Entered Level 6 of the Lair of Beasts
 13155 | Lair:6   | Found a blossoming altar of Fedhas.
 13855 | Lair:6   | Reached skill level 11 in Armour
 13936 | Lair:6   | Upgraded the game from 0.28.0-45-g0d030f2227 to
                  | 0.28.0-47-ge53b351184
 14094 | Lair:6   | Found the +9 sword of Zonguldrok {reap}
 14102 | Lair:6   | Identified the +6 dire flail of Gietahen {vorpal, rC+ Str-5
                  | Int+3}
 14765 | D:5      | Bought a potion of experience for 700 gold pieces
 14765 | D:5      | Reached skill level 10 in Fighting
 14765 | D:5      | Reached skill level 12 in Armour
 14765 | D:5      | Reached XP level 15. HP: 70/138 MP: 13/13
 15153 | D:12     | Found a shadowy altar of Dithmenos.
 15157 | D:12     | Reached skill level 10 in Throwing
 15341 | D:12     | Noticed Jorgrun
 15355 | D:12     | Killed Jorgrun
 15393 | D:12     | Killed Sonja
 16784 | D:13     | Noticed Rupert
 16797 | D:13     | Killed Rupert
 16798 | D:13     | Reached XP level 16. HP: 102/150 MP: 14/14
 17328 | Orc:1    | Entered Level 1 of the Orcish Mines
 17351 | Orc:1    | Reached skill level 13 in Armour
 17397 | Orc:1    | Found a dark tunnel.
 17401 | Volcano  | Entered a volcano
 18181 | Orc:2    | Entered Level 2 of the Orcish Mines
 18181 | Orc:2    | Found a staircase to the Elven Halls.
 18184 | Orc:2    | Found a flickering gateway to a bazaar.
 18274 | Bazaar   | Entered a bazaar
 18274 | Bazaar   | Found Tuipaha's Book Emporium.
 18274 | Bazaar   | Found Jefana's Weapon Shoppe.
 18274 | Bazaar   | Found Juopn's Armour Emporium.
 18274 | Bazaar   | Found Nuriec's Antique Armour Emporium.
 18274 | Bazaar   | Found Meuty's Armour Shoppe.
 18332 | Bazaar   | Bought a +0 vampiric battleaxe for 279 gold pieces
 18347 | Bazaar   | Bought the +16 plate armour "Jug Yly" {Int+2 Dex+3} for 912
                  | gold pieces
 18374 | Bazaar   | Bought a glowing cloak for 187 gold pieces
 18805 | Orc:2    | Found Cutaafudd's Antique Weapon Shop.
 18805 | Orc:2    | Found Iczog's Jewellery Shop.
 18806 | Orc:2    | Found Elaolos's Antique Armour Boutique.
 18806 | Orc:2    | Found Jolurghe's Book Shop.
 18985 | Orc:2    | Bought the necklace of Bloodlust {*Rage Will++ Int-3
                  | Slay+6} for 516 gold pieces
 18985 | Orc:2    | Found the necklace of Bloodlust {*Rage Will++ Int-3 Slay+6}
 19209 | D:14     | Found Ampuumump's Armour Boutique.
 19332 | D:14     | Reached skill level 14 in Armour
 19598 | D:14     | Reached ***** piety under Trog
 19657 | D:14     | Found a gate to the Vaults.
 20015 | D:15     | Entered Level 15 of the Dungeon
 20343 | D:15     | Found a staircase to the Depths.
 20958 | Spider:1 | Entered Level 1 of the Spider Nest
 21018 | Spider:1 | Identified the +4 long sword "Varch" {holy, rC+ Int-2
                  | Stlth+}
 21028 | Spider:1 | Reached XP level 17. HP: 162/162 MP: 15/15
 21074 | Spider:1 | Reached skill level 15 in Armour
 21454 | Spider:1 | Received a gift from Trog
 22818 | Spider:3 | Reached ****** piety under Trog
 22826 | Spider:3 | Received a gift from Trog
 23093 | Spider:3 | Reached skill level 16 in Armour
 23812 | Spider:4 | Entered Level 4 of the Spider Nest
 24487 | Spider:4 | Got a gossamer rune of Zot
 25246 | Shoals:1 | Entered Level 1 of the Shoals
 25254 | Shoals:1 | Gained mutation: You passively map a large area around you.
                  | [Deep Dwarf growth]
 25254 | Shoals:1 | Reached XP level 18. HP: 176/176 MP: 16/16
 25276 | Shoals:1 | Reached skill level 17 in Armour
 26057 | Shoals:2 | Found Getick's Goods Gallery.
 26206 | Shoals:2 | Found a frozen archway.
 26235 | IceCv    | Entered an ice cave
 26278 | IceCv    | Reached skill level 15 in Fighting
 26424 | IceCv    | Received a gift from Trog
 26781 | IceCv    | Found a viscous altar of Jiyva.
 26825 | IceCv    | Identified the ring of the Circus Animal {Fly rF- rCorr
                  | Dex-3 Stlth+}
 27010 | Shoals:2 | You fall into a shaft and drop 1 floor!
 27091 | Shoals:3 | Reached skill level 18 in Armour
 27093 | Shoals:3 | Noticed Kirke
 27107 | Shoals:3 | Killed Kirke
 27622 | Shoals:3 | Identified the +2 quick blade of the Other Side {vorpal,
                  | rCorr Str+4 Int-5 Dex+4} (Trog gifted it to you on level 3
                  | of the Shoals)
 27622 | Shoals:3 | Received a gift from Trog
 27860 | Shoals:3 | Noticed Mlioglotl
 27864 | Shoals:3 | Killed Mlioglotl
 28606 | Shoals:2 | Found Qouris's Distillery.
 28736 | Shoals:4 | Entered Level 4 of the Shoals
 28891 | Shoals:4 | Paralysed by an air elemental for 1 turns
 28894 | Shoals:4 | Paralysed by an air elemental for 1 turns
 28977 | Shoals:4 | Reached skill level 19 in Armour
 29058 | Shoals:4 | Got a barnacled rune of Zot
 29102 | Shoals:4 | Found a stormy altar of Qazlal.
 29106 | Shoals:4 | Identified the +2 chain mail of Totorude {rElec rN+ Dex+2}
 29206 | Shoals:4 | Reached XP level 19. HP: 190/190 MP: 17/17
 29211 | Shoals:4 | Received a gift from Trog
 29265 | Shoals:4 | Paralysed by an air elemental for 1 turns
 29369 | Shoals:4 | Paralysed by an air elemental for 1 turns
 29379 | Shoals:4 | Paralysed by an air elemental for 1 turns
 29920 | Vaults:1 | Entered Level 1 of the Vaults
 30410 | Vaults:1 | You fall into a shaft and drop 1 floor!
 30479 | Vaults:1 | Received a gift from Trog
 30812 | D:5      | Bought a scroll of brand weapon for 300 gold pieces
 31072 | Vaults:1 | Identified the +5 chain mail "Muakauda" {rN++ Dex+3}
 31341 | Vaults:1 | Reached skill level 20 in Armour
 31610 | Vaults:2 | Found a staircase to the Crypt.
 31810 | Vaults:2 | Noticed Asterion
 31834 | Vaults:2 | Cast into level 4 of the Abyss (Asterion)
 31938 | Abyss:4  | Found a corrupted altar of Lugonu.
 32073 | Vaults:2 | Escaped the Abyss
 32104 | Vaults:2 | Killed Asterion
 32186 | Vaults:2 | Received a gift from Trog
 32543 | Vaults:2 | Identified the +0 hunting sling of the Poles {vorpal, rF+
                  | rCorr Int-4 SInv}
 32758 | Vaults:2 | Noticed a bone dragon
 32781 | Vaults:2 | Killed a bone dragon
 32996 | Vaults:2 | Reached XP level 20. HP: 204/204 MP: 18/18
 33748 | Vaults:3 | Reached skill level 21 in Armour
 33751 | Vaults:3 | Received a gift from Trog
 33947 | Vaults:3 | Noticed Jory
 33963 | Vaults:3 | Killed Jory
 34422 | Vaults:3 | HP: 9/206 [yaktaur captain/bolt (10)]
 34670 | Vaults:3 | Noticed Margery
 34687 | Vaults:3 | Killed Margery
 34751 | Vaults:3 | Identified the +2 pair of gloves "Qotyttir" {Int+3}
 35439 | Vaults:4 | Found a portal to a secret trove of treasure.
 35858 | D:9      | Bought the ring of Cigowaem {Fly EV+5} for 1089 gold pieces
 36159 | Vaults:4 | You paid a toll of the ring of Cigowaem to enter a treasure
                  | trove
 36160 | Trove    | Entered a treasure trove
 36203 | Trove    | Identified the +12 hand crossbow "Beetlebane" {vorpal,
                  | rPois rN+ Will+ SInv}
 36297 | Vaults:4 | Received a gift from Trog
 36299 | Vaults:4 | Identified the +0 shortbow "Koloimurph" {freeze, rC+ Will+
                  | Dex-2 Stlth+}
 36563 | Vaults:4 | Reached skill level 22 in Armour
 37083 | Crypt:1  | Entered Level 1 of the Crypt
 37456 | Slime:1  | Entered Level 1 of the Pits of Slime
 37690 | Slime:1  | Received a gift from Trog
 37996 | Slime:2  | Reached XP level 21. HP: 216/216 MP: 18/18
 38900 | Slime:3  | Gained mutation: You are frail. (-10% HP) [a shining eye]
 38907 | Slime:3  | Gained mutation: Your spells are a little easier to cast,
                  | but a little less powerful. [a shining eye]
 38968 | Slime:3  | Lost mutation: Your spells are a little easier to cast, but
                  | a little less powerful. [potion of mutation]
 38968 | Slime:3  | Lost mutation: You are frail. (-10% HP) [potion of
                  | mutation]
 38968 | Slime:3  | Gained mutation: You have a pair of small horns on your
                  | head. [potion of mutation]
 38968 | Slime:3  | Gained mutation: You are partially covered in iridescent
                  | scales. (AC +2) [potion of mutation]
 39087 | Slime:4  | Found a viscous altar of Jiyva.
 39116 | Slime:5  | Entered Level 5 of the Pits of Slime
 39201 | Slime:5  | Reached skill level 23 in Armour
 39259 | Slime:5  | Noticed the Royal Jelly
 39274 | Slime:5  | Received a gift from Trog
 39301 | Slime:5  | Killed the Royal Jelly
 39317 | Slime:5  | Gained mutation: Your magical capacity is low. (-10% MP) [a
                  | shining eye]
 39317 | Slime:5  | Gained mutation: Your body sometimes deteriorates upon
                  | taking damage. [a shining eye]
 39322 | Slime:5  | Gained mutation: You expend magic power (3 MP) to
                  | strengthen your wands. [a shining eye]
 39323 | Slime:5  | Gained mutation: You are clumsy. (Dex -2) [a shining eye]
 39417 | Slime:5  | Lost mutation: You expend magic power (3 MP) to strengthen
                  | your wands. [potion of mutation]
 39417 | Slime:5  | Lost mutation: You are partially covered in iridescent
                  | scales. (AC +2) [potion of mutation]
 39417 | Slime:5  | Lost mutation: You are clumsy. (Dex -2) [potion of
                  | mutation]
 39417 | Slime:5  | Lost mutation: Your magical capacity is low. (-10% MP)
                  | [potion of mutation]
 39417 | Slime:5  | Gained mutation: Your spells are a little easier to cast,
                  | but a little less powerful. [potion of mutation]
 39418 | Slime:5  | Lost mutation: You have a pair of small horns on your head.
                  | [potion of mutation]
 39418 | Slime:5  | Lost mutation: Your spells are a little easier to cast, but
                  | a little less powerful. [potion of mutation]
 39418 | Slime:5  | Gained mutation: You are covered in fur. (AC +1) [potion of
                  | mutation]
 39418 | Slime:5  | Gained mutation: Your body often deteriorates upon taking
                  | damage. [potion of mutation]
 39418 | Slime:5  | Gained mutation: You are partially covered in iridescent
                  | scales. (AC +2) [potion of mutation]
 39418 | Slime:5  | Gained mutation: You have a pair of small horns on your
                  | head. [potion of mutation]
 39448 | Slime:5  | Identified the +1 plate armour "Jerooh" {Rampage Str+7
                  | Dex+5}
 39448 | Slime:5  | Found the ring of Shadows {Umbra +Inv Stlth+}
 39472 | Slime:5  | Got a slimy rune of Zot
 39492 | Slime:5  | Identified the ring of the Stallion {rPois rN+ Slay+2}
 39493 | Slime:5  | Identified the ring of Veroc {rCorr Dex+6}
 40295 | Depths:1 | Entered Level 1 of the Depths
 40566 | Depths:1 | Found a glowing silver altar of Zin.
 40594 | Depths:1 | Found a gateway to Hell.
 40765 | Depths:1 | Received a gift from Trog
 41134 | Depths:2 | Noticed the Enchantress
 41141 | Depths:2 | Killed the Enchantress
 41149 | Depths:2 | Paralysed by a floating eye for 2 turns
 41170 | Depths:2 | Reached skill level 24 in Armour
 41269 | Depths:2 | Found a one-way gate leading to the halls of Pandemonium.
 41333 | Depths:2 | Found a runed translucent door.
 41339 | Depths:2 | Found a runed translucent door.
 41666 | Depths:2 | Reached XP level 22. HP: 230/230 MP: 19/19
 41777 | Depths:2 | Found an opulent altar of Gozag.
 41814 | Depths:2 | Found a one-way gateway to a ziggurat.
 41814 | Depths:2 | You fall into a shaft and drop 2 floors!
 41814 | Depths:4 | Entered Level 4 of the Depths
 41814 | Depths:4 | Found a shimmering altar of Xom.
 41838 | Depths:4 | Received a gift from Trog
 42547 | Depths:4 | Found a white marble altar of Elyvilon.
 42600 | Depths:4 | Noticed a golden dragon
 42619 | Depths:4 | Killed a golden dragon
 42681 | Depths:4 | Found a gate to the Realm of Zot.
 42763 | Depths:4 | Found a basalt altar of Yredelemnul.
 42848 | Depths:4 | Received a gift from Trog
 43037 | Depths:3 | Reached skill level 25 in Armour
 43077 | Depths:3 | Found a snail-covered altar of Cheibriados.
 43111 | Depths:3 | Found Opauss's Assorted Antiques.
 43114 | Depths:3 | Found Tedghish's Distillery.
 43114 | Depths:3 | Found Hemnick's Distillery.
 43119 | Depths:3 | Found Tyipsefu's General Store.
 43143 | Depths:3 | Noticed Frederick
 43162 | Depths:3 | Killed Frederick
 43272 | Depths:3 | Bought a scroll of acquirement for 1144 gold pieces
 43417 | Depths:3 | Found a gateway to a bazaar.
 43580 | Bazaar   | Entered a bazaar
 43593 | Bazaar   | Found Zeno's Antique Weapon Emporium.
 43605 | Bazaar   | Found Ojeixisch's Antique Weapon Shoppe.
 43620 | Bazaar   | Found Xuhoef Ymef's Antique Armour Shoppe.
 43632 | Bazaar   | Found Rewnopn's Antique Armour Emporium.
 43742 | Depths:3 | Found a one-way gate to the infinite horrors of the Abyss.
 43742 | Depths:3 | Noticed Louise
 43748 | Depths:3 | Killed Louise
 44156 | Depths:3 | Noticed a royal mummy
 44161 | Depths:3 | Noticed a royal mummy
 44164 | Depths:3 | Killed a royal mummy
 44166 | Depths:3 | Noticed a royal mummy
 44171 | Depths:3 | Killed a royal mummy
 44175 | Depths:3 | Killed a royal mummy
 44283 | Depths:3 | Found the +7 sceptre of Torment {pain, torment}
 45243 | Depths:2 | Noticed a golden dragon
 45357 | Depths:2 | Killed a golden dragon
 45358 | Depths:2 | Paralysed by a floating eye for 4 turns
 45395 | Depths:2 | Received a gift from Trog
 45401 | Depths:2 | Reached XP level 23. HP: 172/243 MP: 20/20
 45404 | Depths:2 | Paralysed by a floating eye for 4 turns
 45696 | Depths:4 | Found a glowing silver altar of Zin.
 45698 | Depths:4 | Reached skill level 26 in Armour
 45701 | Depths:4 | Noticed Xtahua
 45710 | Depths:4 | Killed Xtahua
 45727 | Depths:4 | Gained mutation: You tend to lose your temper in combat.
                  | [mutagenic glow]
 45807 | Depths:4 | Acquired a manual of Dodging
 46326 | Zot:1    | Entered Level 1 of the Realm of Zot
 46338 | Zot:1    | Noticed a curse toe
 46348 | Zot:1    | Killed a curse toe
 46437 | Zot:1    | Received a gift from Trog
 47435 | Zot:2    | Noticed a Killer Klown
 47437 | Zot:2    | Noticed an orb of fire
 47444 | Zot:2    | Noticed wilo's ghost (master MfBe)
 47444 | Zot:2    | Noticed Emnejil's ghost (master VSBe)
 47446 | Zot:2    | Noticed a dread lich
 47447 | Zot:2    | Found a transporter.
 47717 | Zot:2    | Found a transporter.
 47770 | Zot:2    | Reached skill level 27 in Armour
 48188 | Zot:3    | Received a gift from Trog
 48448 | Zot:3    | Noticed a curse toe
 48455 | Zot:3    | Killed a curse toe
 48674 | Zot:3    | Noticed an orb of fire
 48676 | Zot:3    | Gained mutation: Your magical capacity is low. (-10% MP)
                  | [an orb of fire]
 48684 | Zot:3    | Killed an orb of fire
 49100 | Zot:4    | Reached XP level 24. HP: 260/260 MP: 17/17
 50099 | Zig:1    | Entered Level 1 of a ziggurat
 50152 | Zig:2    | Entered Level 2 of a ziggurat
 50198 | Zig:3    | Entered Level 3 of a ziggurat
 50239 | Zig:4    | Entered Level 4 of a ziggurat
 50290 | Zig:4    | Identified the +0 pair of gloves "Zyloh" {Harm Stlth+}
 50396 | Zig:5    | Entered Level 5 of a ziggurat
 50467 | Zig:6    | Entered Level 6 of a ziggurat
 50478 | Zig:6    | Received a gift from Trog
 50479 | Zig:6    | Reached skill level 1 in Evocations
 50517 | Zig:7    | Entered Level 7 of a ziggurat
 50607 | Zig:8    | Entered Level 8 of a ziggurat
 50612 | Zig:8    | Noticed a royal mummy
 50618 | Zig:8    | Killed a royal mummy
 50625 | Zig:8    | Reached skill level 5 in Dodging
 50805 | Zig:9    | Entered Level 9 of a ziggurat
 50844 | Zig:9    | Identified the ring "Karheb" {rPois rCorr AC+4 Int+5}
 50862 | Zig:9    | Reached skill level 5 in Evocations
 50862 | Zig:9    | Reached XP level 25. HP: 272/272 MP: 17/17
 50865 | Zig:9    | Identified the +5 halberd "Dragon's Tongue" {vamp, rPois
                  | Will- Int+3}
 50880 | Zig:10   | Entered Level 10 of a ziggurat
 50887 | Zig:10   | Found the +5 scythe "Finisher" {speed, eviscerate}
 50983 | Zig:11   | Entered Level 11 of a ziggurat
 51004 | Zig:11   | Received a gift from Trog
 51178 | Zig:12   | Entered Level 12 of a ziggurat
 51355 | Zig:12   | Identified the +8 crystal plate armour "Suhaunk" {+Inv
                  | Int+3 SInv}
 51356 | Zig:12   | Identified the +7 morningstar of Fegiysk {pain, rPois
                  | Will++ Str+2 Dex-2}
 51425 | Zig:12   | Identified the +4 robe of the Lich-sworn {Rampage Str+4
                  | Archmagi}
 51427 | Zig:13   | Entered Level 13 of a ziggurat
 51456 | Zig:13   | Reached skill level 10 in Dodging
 51488 | Zig:13   | Identified the +3 quarterstaff of Immorality {pain, Will-
                  | Int+4}
 51490 | Zig:13   | Identified the ring of Titotocw {rElec EV+4 Int+3 Dex+2
                  | SInv}
 51510 | Zig:13   | Identified the +8 executioner's axe of Zepromief {vamp,
                  | *Noise rF++ Int+4}
 51522 | Zig:14   | Entered Level 14 of a ziggurat
 51532 | Zig:14   | Identified the +1 buckler "Vedask" {-Tele Rampage rPois
                  | Dex+3}
 51556 | Zig:14   | Reached XP level 26. HP: 126/283 MP: 17/17
 51570 | Zig:14   | Received a gift from Trog
 52051 | Zig:14   | Reached skill level 10 in Evocations
 52051 | Zig:14   | Reached XP level 27. HP: 271/291 MP: 17/17
 52056 | Zig:14   | Identified the +11 giant club of Ehaexill {spect, *Rage
                  | rPois rC+}
 52066 | Zig:15   | Entered Level 15 of a ziggurat
 52075 | Zig:15   | Noticed a royal mummy
 52076 | Zig:15   | Noticed a royal mummy
 52076 | Zig:15   | Noticed a royal mummy
 52078 | Zig:15   | Identified the +10 broad axe "Orro" {vorpal, *Noise Will+++
                  | Str+7}
 52296 | Elf:1    | Entered Level 1 of the Elven Halls
 52791 | Elf:1    | Found Duefuf's Magic Scroll Boutique.
 53099 | Elf:1    | Paralysed by an air elemental for 1 turns
 53533 | Elf:2    | Received a gift from Trog
 53545 | Elf:2    | Found Ovicvus's Jewellery Shop.
 53585 | Elf:2    | Found a magical portal.
 53590 | WizLab   | Entered Alistair's Party Mansion
 54429 | Elf:2    | Found a huge runed translucent gate.
 54429 | Elf:2    | Found a huge runed translucent gate.
 54429 | Elf:2    | Found a huge runed translucent gate.
 54429 | Elf:2    | Found a huge runed translucent gate.
 54430 | Elf:2    | Found a huge runed translucent gate.
 54488 | Elf:2    | Noticed Roxanne
 54504 | Elf:2    | Killed Roxanne
 54752 | Elf:3    | Entered Level 3 of the Elven Halls
 54970 | Elf:3    | Received a gift from Trog
 55003 | Elf:3    | Identified the +8 quarterstaff "Hitz" {spect, MP+9 Str+2}
 55004 | Elf:3    | Reached skill level 15 in Dodging
 55126 | Elf:3    | Received a gift from Trog
 55172 | Elf:3    | Identified the +8 dagger of Rujudgh {antimagic, rN+ rCorr
                  | Int+3 Dex-4}
 55176 | Elf:3    | Identified the +6 flail of Pyromania {vorpal, rCorr Int+3}
 55225 | Elf:3    | Identified the +6 mace of Aweirchuu {flame, Will+ rCorr
                  | Int+2}
 55244 | Elf:3    | Identified the +0 plate armour of Cheibriados's Wrath {Fly
                  | rElec MP+9 Dex+3}
 55870 | D:5      | Bought a scroll of enchant armour for 112 gold pieces
 55870 | D:5      | Bought a potion of resistance for 150 gold pieces
 56133 | Hell     | Entered the Vestibule of Hell
 56133 | Hell     | Noticed Geryon
 56144 | Hell     | Killed Geryon
 56230 | Hell     | Cast into level 2 of the Abyss (hell knight)
 56312 | Abyss:5  | Entered Level 5 of the Abyss
 56321 | Abyss:5  | Found a runed translucent door.
 56489 | Hell     | Escaped the Abyss
 56855 | Zot:5    | Entered Level 5 of the Realm of Zot
 57182 | Zot:5    | Received a gift from Trog
 57193 | Zot:5    | Reached skill level 15 in Evocations
 57289 | Zot:5    | Noticed an ancient lich
 57295 | Zot:5    | Noticed a dread lich
 57305 | Zot:5    | Killed an ancient lich
 57317 | Zot:5    | Killed a dread lich
 57380 | Zot:5    | Noticed an orb of fire
 57388 | Zot:5    | Killed an orb of fire
 57554 | Zot:5    | Received a gift from Trog
 57597 | Zot:5    | Noticed an orb of fire
 57605 | Zot:5    | Gained mutation: Armour fits poorly on your strangely
                  | shaped body. [an orb of fire]
 57613 | Zot:5    | Killed an orb of fire
 57665 | Zot:5    | Noticed an orb of fire
 57667 | Zot:5    | Lost mutation: You tend to lose your temper in combat.
                  | [potion of mutation]
 57667 | Zot:5    | Lost mutation: You have a pair of small horns on your head.
                  | [potion of mutation]
 57667 | Zot:5    | Lost mutation: Your magical capacity is low. (-10% MP)
                  | [potion of mutation]
 57667 | Zot:5    | Gained mutation: Your magical capacity is low. (-10% MP)
                  | [potion of mutation]
 57667 | Zot:5    | Gained mutation: You have a pair of small horns on your
                  | head. [potion of mutation]
 57674 | Zot:5    | Killed an orb of fire
 57674 | Zot:5    | Noticed a dread lich
 57687 | Zot:5    | Killed a dread lich
 57695 | Zot:5    | Lost mutation: Your body often deteriorates upon taking
                  | damage. [potion of mutation]
 57695 | Zot:5    | Lost mutation: Your magical capacity is low. (-10% MP)
                  | [potion of mutation]
 57695 | Zot:5    | Lost mutation: You are partially covered in iridescent
                  | scales. (AC +2) [potion of mutation]
 57695 | Zot:5    | Gained mutation: Your skin changes colour to match your
                  | surroundings (Stealth+). [potion of mutation]
 57695 | Zot:5    | Gained mutation: You are covered in thick fur. (AC +2)
                  | [potion of mutation]
 57695 | Zot:5    | Gained mutation: Your muscles are strong. (Str +2) [potion
                  | of mutation]
 57703 | Zot:5    | Lost mutation: Armour fits poorly on your strangely shaped
                  | body. [potion of mutation]
 57703 | Zot:5    | Lost mutation: You have a pair of small horns on your head.
                  | [potion of mutation]
 57703 | Zot:5    | Gained mutation: Potions are less effective at restoring
                  | your health. [potion of mutation]
 57703 | Zot:5    | Gained mutation: Your mind is acute. (Int +2) [potion of
                  | mutation]
 57703 | Zot:5    | Lost mutation: Your skin changes colour to match your
                  | surroundings (Stealth+). [potion of mutation]
 57703 | Zot:5    | Gained mutation: You possess an exceptional clarity of
                  | mind. [potion of mutation]
 58104 | Zot:5    | Got the Orb of Zot
 58552 | D:6      | Gained mutation: Your muscles are very strong. (Str +4) [a
                  | cacodemon]
 58615 | D:2      | Noticed Hoosoarch the pandemonium lord
 58617 | D:2      | Noticed an ancient lich
 58698 | D:$      | Escaped with the Orb!

Illustrated notes

Levels and vault maps discovered:
D:1:      heliophobic_arrival_glass_houses, layout_basic,
          shapermc_ecumenical_altar_mp_urbaneastern, minmay_tetromino_o2
D:2:      minmay_recursive_quarters, layout_loops_ring, uniq_robin
D:3:      kennysheep_the_goblin_king, layout_rooms
D:4:      layout_basic
D:5:      layout_loops_cross, temple_green, minmay_shop_grid_forest
D:6:      layout_rooms
D:7:      layout_basic, enter_bailey_6, ebering_ghost_rock_garden,
          grunt_ogre_cave
D:8:      layout_loops_ring, mainiacjoe_overflow_chevrons,
          grunt_lair_entry_orc_guard_hut, chequers_decorated_corner
D:9:      layout_layer_cave, orc_0_dummy, nicolae_shop_unique_rings, uniq_joseph
D:10:     layout_cross
D:11:     layout_loops_corners, dk_vineyard_3, minmay_lizard_king
D:12:     layout_roguey, hex_intersection, nicolae_dithmenos_the_darkroom,
          uniq_sonja, uniq_jorgrun
D:13:     cheibrodos_hippocracy, layout_loops_corners, solitary_fountain,
          minmay_misc_feat_x, hangedman_stone_soup, uniq_rupert
D:14:     layout_basic, erik_vaults_1, serial_shops, nicolae_shop_statue_plus,
          minmay_radiant
D:15:     grunt_enter_depths_giant_problem, layout_rooms
Lair:1:   lemuel_reptile_caves, layout_regular_city, st_stairs_12
Lair:2:   minmay_lair_oklob_chamber, layout_regular_city,
          elwin_shoals_entry_rooms, nicolae_lair_liquid_snakes, uniq_urug,
          uniq_gastronok, uniq_harold
Lair:3:   layout_chaotic_city, serial_bayou_shore_b
Lair:4:   layout_small_grid, nicolae_spider_entry_tight_spaces,
          gauntlet_entry_generic, infiniplex_staircase_pool,
          serial_bayou_shore_b
Lair:5:   layout_cave_shapes, nicolae_slime_entry_slimehenge, grunt_megastairs_4
Lair:6:   minmay_lair_end_enchanted_forest, layout_layer_cave, basic_altar,
          minivault_25, chequers_serial_rivers_small_b
Shoals:1: layout_shoals, nicolae_shoals_kraken_intersection
Shoals:2: layout_shoals, serial_shops, nicolae_shop_crystal,
          portal_ice_cave_entry_dragon, nicolae_alphabet_shops
Shoals:3: layout_shoals, nicolae_shoals_pincushion_passage, uniq_kirke,
          uniq_mlioglotl
Shoals:4: shoals_end_hellmonk_storm_palace [storm_palace_center_square,
          storm_palace_corner_altar, storm_palace_corner_blocked,
          storm_palace_corner_pillars, storm_palace_corner_narrow]
Spider:1: layout_spider_delve
Spider:2: layout_spider_delve
Spider:3: layout_cave_pods
Spider:4: hellmonk_spider_rune_bug_friends
Slime:1:  layout_caves
Slime:2:  layout_caves
Slime:3:  layout_caves
Slime:4:  layout_caves, basic_altar
Slime:5
Orc:1:    layout_caves, nicolae_volcano_entry_hallway, nicolae_orc_pool_cavern,
          rock_pile
Orc:2:    st_orc_pillars, layout_diamond_mine, serial_shops, bzr_entry_gold
Elf:1:    layout_loops_corners, serial_shops, shop_scrolls,
          minmay_elf_necromancy, grunt_megastairs_5
Elf:2:    elven_hall_of_blades_hangedman_alternative
          [infiniplex_blade_entry_pillars], layout_geoelf_diagonals,
          serial_shops, shop_coins, mu_enter_wizlab_2, uniq_roxanne,
          uniq_louise, uniq_saint_roka
Elf:3:    minmay_elf_hall_spiked, layout_rooms
Vaults:1: nicolae_vaults_little_squares_5, vaults_mumra_hexcomb,
          v_alt_pattern_4, nicolae_vaults_shelves_hall,
          nicolae_vaults_little_squares_1, nicolae_vaults_circle_grid_b,
          vaults_standard_mumra_lines, vaults_dpeg_cross,
          vaults_mumra_minichess_inversion, layout_vaults_omnicross
Vaults:2: ontoclasm_vaults_loading_screen, nicolae_vaults_little_ls,
          nicolae_vaults_disjoint_gnomons, ontoclasm_vaults_chip,
          ontoclasm_vaults_decontamination, minmay_crypt_entry_simple_walls,
          nicolae_vaults_c_with_doors, v_misc_32, ontoclasm_vaults_tryst,
          ontoclasm_vaults_eye, vaults_room_pools,
          nicolae_vaults_network_square, nicolae_vaults_ninety_degrees,
          ontoclasm_vaults_loading_screen, grunt_vaults_focal,
          layout_vaults_maze_bifur, serial_hangedman_research,
          hangedman_research_probablistics, hangedman_research_thanatology,
          hangedman_research_thermodynamics, hangedman_research_geology,
          hangedman_research_metamorphosis, uniq_asterion
Vaults:3: grunt_vaults_swirl, vaults_mumra_chevron, hangedman_vaults_trim,
          vaults_room_pool, vaults_room_large_hall, vaults_room_pool,
          layout_vaults_chaotic_city, uniq_margery, uniq_jory
Vaults:4: hangedman_vaults_corner, vaults_mumra_lcd, vaults_dpeg_ring,
          v_misc_17, nicolae_vaults_shelves_hall, layout_vaults_omnigrid,
          enter_trove_5
Crypt:1:  lemuel_vampire_tower, layout_misc_corridors, lemuel_upstairs_altar
Depths:1: layout_cave_pools, pf_vacation_house_of_asmodeus,
          hangedman_decor_diamond_cutter, nrook_uturn, zin_angel
Depths:2: thingy_vault_2, layout_small_grid, enter_ziggurat_c, hell_entry,
          nicolae_gozag_cash_rules_everything_around_me, pan_entry,
          serial_bayou_shore_b, infiniplex_staircase_star, uniq_enchantress
Depths:3: minmay_guarded_unrand_sceptre_of_torment, layout_basic,
          nicolae_abyss_entry_one_way_or_another, hellmouth_1,
          cheibriados_altar_1, serial_shops, freezing_bzr, drop_trap,
          infiniplex_staircase_door_maze, serial_bayou_shore_b,
          minmay_shoptagon, uniq_frederick
Depths:4: grunt_profane_halls [grunt_profane_temple_dis,
          grunt_profane_temple_geh, grunt_profane_temple_coc,
          grunt_profane_temple_tar, grunt_zot_portal], hell_entry, uniq_xtahua
Hell
Zot:1:    layout_twisted_circle
Zot:2:    layout_basic, nzn_ghost_randoct
Zot:3:    layout_gridlike, zot_minivault_1
Zot:4:    layout_basic
Zot:5:    layout_basic, hangedman_zot_decor_tridents, st_stairs_13

Skill      XL: |  1  2  3  4  5  6  7  8  9 10 11 12 13 14 15 16 17 18 19 20 21 22 23 24 25 26 27 |
---------------+----------------------------------------------------------------------------------+-----
Axes           | 4 5 6 7 9 10 13 15 18 20 21 22 23 24 26 | 26.2
Fighting       | 6 8 10 11 12 14 16 17 19 20 22 24 25 26 | 26.8
Throwing       | 5 7 9 10 12 13 | 13.7
Armour         | 6 9 12 14 16 19 20 22 24 25 27 | 27.0
Dodging        | 6 11 12 17 | 17.2
Evocations     | 5 9 10 18 | 18.8

Action                   |  1- 3 |  4- 6 |  7- 9 | 10-12 | 13-15 | 16-18 | 19-21 | 22-24 | 25-27 || total
-------------------------+-------+-------+-------+-------+-------+-------+-------+-------+-------++-------
Melee: Hand axe          |    97 |   324 |    22 |       |       |       |       |       |       ||   443
       Punch             |     1 |     3 |     8 |       |       |       |       |       |       ||    12
       War axe           |       |       |   310 |    68 |       |       |       |       |       ||   378
       Battleaxe         |       |       |       |   535 |   697 |  1484 |  1300 |   953 |    95 ||  5064
       Executioner's axe |       |       |       |       |       |       |    22 |       |   792 ||   814
       Headbutt          |       |       |       |       |       |       |   106 |   321 |   263 ||   690
Throw: Javelin           |       |       |     2 |    17 |   126 |    56 |    19 |    33 |     2 ||   255
       Throwing net      |       |       |       |       |     4 |     1 |       |       |       ||     5
Invok: Trog's Hand       |     2 |     3 |    18 |    40 |    66 |    24 |     9 |    13 |    23 ||   198
       Berserk           |     1 |     2 |     1 |     6 |     4 |       |       |       |       ||    14
       Brothers in Arms  |       |       |       |       |       |       |     2 |       |     1 ||     3
 Abil: Heal Wounds       |       |       |     8 |     8 |     8 |     6 |     3 |       |       ||    33
Evoke: Wand              |       |       |     1 |     1 |     1 |     7 |       |     3 |       ||    13
  Use: Scroll            |       |     1 |    14 |     4 |     9 |    11 |     7 |     6 |    16 ||    68
       Potion            |       |       |     5 |     1 |     2 |     2 |     9 |     2 |    10 ||    31
 Stab: Sleeping          |     1 |       |       |       |       |       |       |       |       ||     1
       Invisible         |       |       |     1 |       |       |       |       |     7 |       ||     8
       Held in net/web   |       |       |       |       |     1 |       |       |       |       ||     1
       Confused          |       |       |       |       |       |       |       |     1 |       ||     1
       Distracted        |       |       |       |       |       |       |       |       |     1 ||     1
Armor: Animal skin       |     6 |       |       |       |       |       |       |       |       ||     6
       Chain mail        |    35 |   185 |     6 |       |       |       |       |       |       ||   226
       Ring mail         |       |       |   246 |   304 |   346 |    57 |       |       |       ||   953
       Skin              |       |       |    34 |       |       |       |       |       |       ||    34
       Plate armour      |       |       |       |       |       |  1309 |   973 |   884 |   658 ||  3824
Dodge: Dodged            |    45 |   133 |   395 |   277 |   316 |   627 |   438 |   335 |   712 ||  3278
Block: Other             |       |       |       |       |   108 |    53 |       |       |       ||   161
       Reflection        |       |       |       |       |     2 |     2 |       |       |       ||     4
